 Dungeon Crawl Stone Soup version 0.28.0-53-g5a82cb258f (webtiles) character file.

Game seed: 795752697851759729

595 Sin92 the Chopper (level 7, -11/55 HPs)
             Began as a Demonspawn Fighter on June 12, 2022.
             Was a Follower of Okawaru.
             Mangled by a two-headed ogre
             ... wielding a +0 giant spiked club
              (17 damage)
             ... on level 5 of the Dungeon.
             The game lasted 00:05:33 (4463 turns).

Sin92 the Chopper (Demonspawn Fighter)              Turns: 4463, Time: 00:05:34

Health: -11/55     AC: 17    Str: 16    XL:     7   Next: 17%
Magic:  7/7        EV: 10    Int: 10    God:    Okawaru [*.....]
Gold:   228        SH:  6    Dex: 14    Spells: 6/6 levels left

rFire   . . .      SeeInvis .   a - +1 war axe
rCold   . . .      Faith    .   c - +1 buckler
rNeg    . . .      Spirit   .   e - +0 plate armour
rPois   .          Reflect  .   (no helmet)
rElec   .          Harm     .   l - +2 cloak {rCorr}
rCorr   +          Rampage  .   (no gloves)
Will    .....                   (no boots)
Stlth   ..........              (no amulet)
HPRegen 0.18/turn               (no ring)
MPRegen 0.10/turn               (no ring)

@: mighty, agile
A: hooves 1, icy blue scales 2, powered by pain 2
a: Renounce Religion, Heroism


You were on level 5 of the Dungeon.
You worshipped Okawaru.
Okawaru was aware of your devotion.
You visited 1 branch of the dungeon, and saw 5 of its levels.

You collected 228 gold pieces.

Inventory:

Hand Weapons
 a - a +1 war axe (weapon)
Armour
 b - a +0 scale mail
 c - a +1 buckler (worn)
 e - a +0 plate armour (worn)
 l - a +2 cloak of preservation (worn)
Wands
 h - a wand of polymorph (8)
Scrolls
 g - a scroll of silence {unknown}
 n - a scroll of identify
Potions
 d - a potion of might
 f - a potion of heal wounds
 i - 2 potions of degeneration {unknown}
 j - 2 potions of magic
 k - 2 potions of flight {unknown}
 m - 2 potions of curing {unknown}


   Skills:
 + Level 4.3 Fighting
 * Level 4.4 Axes
 + Level 3.9 Armour
 + Level 2.5 Dodging
 + Level 3.8 Shields


You had 6 spell levels left.
You didn't know any spells.
Your spell library contained the following spells:

 Spells                   Type           Power      Damage    Failure   Level
 Alistair's Intoxication  Tmut/Pois      0%         N/A       100%        5
 Borgnjor's Vile Clutch   Necr/Erth      0%         N/A       100%        5
 Dispersal                Tloc           0%         N/A       100%        6
 Eringya's Noxious Bog    Tmut/Pois      0%         N/A       100%        6
 Disjunction              Tloc           0%         N/A       100%        8


Dungeon Overview and Level Annotations

Branches:
Dungeon (5/15)             Temple (0/1) D:4

Altars:
Okawaru
The Shining One


Innate Abilities, Weirdness & Mutations

You have large cloven feet.
You are mostly covered in icy blue scales. (AC +3)
You sometimes gain power by taking damage.


Message History

You block the hound's attack. The hound bites you but does no damage.
There are monsters nearby!
You closely miss the hound. You kick the hound.
The hound is almost dead.
The hound bites you but does no damage.
An orc comes into view. It is wielding a +0 trident.
You block the hound's attack.
There are monsters nearby!
You barely miss the hound.
The hound is almost dead.
The orc shouts!
The hound bites you but does no damage. You block the hound's attack.
There are monsters nearby!
You slash the hound!
You kill the hound!
Okawaru accepts your kill.
You closely miss the two-headed ogre.
The two-headed ogre hits you with a +0 giant spiked club!!
The two-headed ogre barely misses you.
A jelly comes into view.
The jelly quivers.
You hit the two-headed ogre. Your kick misses the two-headed ogre.
The two-headed ogre is lightly wounded.
The two-headed ogre hits you with a +0 giant spiked club! x2
* * * LOW HITPOINT WARNING * * *
You focus on the pain.
You feel agile all of a sudden.
An adder comes into view.
Unknown command.
You feel much better.
The adder hisses angrily.
The two-headed ogre hits you with a +0 giant spiked club!!
* * * LOW HITPOINT WARNING * * *
You focus on the pain.
You feel very mighty all of a sudden. You block the two-headed ogre's attack.
You hit the two-headed ogre. Your kick misses the two-headed ogre.
The two-headed ogre is lightly wounded.
The two-headed ogre hits you with a +0 giant spiked club!
You die...

## #....###.#
#.##.# #.#
#.##.# #.#
#.##.###.###
#.##.##....###
#..#.#.#.#†#.##
#.#...........#
##.#.#.#.#.#...#
#......@...>.#.#
..#.#.#O#.#.###
.............#
.#.#.#.#.#.##
.......J...# #.#
#.#S# ## ...
..... ## #. .#


You could see a two-headed ogre, a jelly and an adder.

Vanquished Creatures
  A sky beast (D:5)
  A necrophage (D:5)
  A kobold brigand (D:4)
  A scorpion (D:4)
  A water moccasin skeleton (D:4)
  2 hounds (D:5)
  An iguana (D:5)
  A hound zombie (D:5)
  3 gnolls (D:2)
  2 adders
  An ufetubus (D:4)
  2 worms
  A dart slug (D:4)
  8 orcs
  8 ball pythons
  3 bats
  4 endoplasms
  2 giant cockroaches
  7 goblins
  6 hobgoblins
  5 quokkas
  3 frilled lizards
  25 kobolds
  7 rats
96 creatures vanquished.

Vanquished Creatures (others)
  A fungus (D:1)
  47 plants (D:4)
48 creatures vanquished.

Grand Total: 144 creatures vanquished

Notes
Turn   | Place    | Note
-------+----------+-------------------------------------------
     0 | D:1      | Sin92 the Demonspawn Fighter began the quest for the Orb.
     0 | D:1      | Reached XP level 1. HP: 18/18 MP: 1/1
   307 | D:1      | Gained mutation: You are partially covered in icy blue
                  | scales. (AC +2) [demonic ancestry]
   307 | D:1      | Reached XP level 2. HP: 24/24 MP: 2/2
   324 | D:1      | Found a faded altar of an unknown god.
  1118 | D:2      | Reached XP level 3. HP: 29/29 MP: 3/3
  1128 | D:2      | Reached skill level 1 in Dodging
  1830 | D:2      | Gained mutation: You are mostly covered in icy blue scales.
                  | (AC +3) [demonic ancestry]
  1830 | D:2      | Reached XP level 4. HP: 35/35 MP: 4/4
  2571 | D:3      | Identified the +0 robe of Inileas {rElec rPois rN+ Will-}
  3001 | D:4      | Noticed a kobold brigand
  3020 | D:4      | Killed a kobold brigand
  3021 | D:4      | Gained mutation: You have large cloven feet. [demonic
                  | ancestry]
  3021 | D:4      | Reached XP level 5. HP: 12/42 MP: 5/5
  3477 | D:4      | Found a staircase to the Ecumenical Temple.
  3789 | D:4      | Gained mutation: You sometimes gain a little power by
                  | taking damage. [demonic ancestry]
  3789 | D:4      | Reached XP level 6. HP: 33/48 MP: 6/6
  3917 | D:4      | Found an iron altar of Okawaru.
  4208 | D:4      | Became a worshipper of Warmaster Okawaru
  4255 | D:5      | Entered Level 5 of the Dungeon
  4292 | D:5      | Noticed a sky beast
  4301 | D:5      | Killed a sky beast
  4418 | D:5      | Reached * piety under Okawaru
  4419 | D:5      | Gained mutation: You sometimes gain power by taking damage.
                  | [demonic ancestry]
  4419 | D:5      | Reached XP level 7. HP: 54/54 MP: 7/7
  4454 | D:5      | Noticed a two-headed ogre
  4463 | D:5      | Mangled by a two-headed ogre

Illustrated notes

Levels and vault maps discovered:
D:1:      psy_arrival_dodecagon, layout_loops_corners,
          shapermc_ecumenical_altar_mp_urbaneastern
D:2:      layout_loops_corners
D:3:      layout_rooms, grunt_ministairs_6, chequers_hall_statues_corner_a
D:4:      kennysheep_kobold_camp, layout_gridville, mainiacjoe_overflow_swirl,
          minmay_temple_entry_hall
D:5:      layout_loops_ring, st_stairs_11, chequers_serial_rivers_room_b

Skill      XL: |  1  2  3  4  5  6 |
---------------+-------------------+-----
Axes           | 2 3 4 |  4.4
Armour         | 3 |  3.9
Dodging        | 1 2 |  2.5
Shields        | 3 |  3.8
Fighting       | 4 |  4.3

Action                   |  1- 3 |  4- 6 |  7- 9 || total
-------------------------+-------+-------+-------++-------
Melee: War axe           |    92 |   159 |    13 ||   264
       Kick              |       |    17 |     3 ||    20
  Use: Scroll            |     5 |     3 |       ||     8
       Potion            |     2 |     3 |     1 ||     6
 Stab: Invisible         |       |     3 |       ||     3
Armor: Scale mail        |    45 |    64 |       ||   109
       Skin              |       |    13 |       ||    13
       Plate armour      |       |    39 |     6 ||    45
Dodge: Dodged            |    47 |    67 |     4 ||   118
Block: Buckler           |    26 |    61 |     4 ||    91
